 Dungeon Sprint DCSS version 0.30-a0-50-gb2d611f6b1 (webtiles) character file.

Game seed: 2769850298510606784

0 MrFrogsmire the Conjurer (level 1, -2/11 HPs)
             Began as an Octopode Conjurer on Sept 4, 2022.
             Killed from afar by a dart slug (3 damage)
             ... with a slug dart
             ... in the Dungeon (Sprint VI: "Thunderdome").
             The game lasted 00:01:38 (64 turns).

MrFrogsmire the Conjurer (Octopode Conjurer)          Turns: 64, Time: 00:01:39

Health: -2/11      AC:  1    Str:  8    XL:     1   Next: 40%
Magic:  0/3        EV: 13    Int: 20    God:
Gold:   20         SH:  5    Dex: 10    Spells: 3/4 levels left

rFire   + . .      SeeInvis +    k - +0 dagger
rCold   + . .      Faith    .    (no shield)
rNeg    + . .      Spirit   .    (helmet restricted)
rPois   +          Reflect  +    o - amulet "Yxkameaf" {Reflect rC+ SH+5}
rElec   +          Harm     .    l - ring "Foynkem" {rF+ rN+}
rCorr   .          Rampage  .    m - ring of Ciycur {rPois Str+2 SInv}
Will    .....      NoTele   +    n - ring "Fesemaimu" {Wiz rElec}
Stlth   +++.......               (no ring)
HPRegen 0.03/turn                (no ring)
MPRegen 0.08/turn                (no ring)
                                 (no ring)
                                 (no ring)

@: no status effects
A: almost no armour, amphibious, 8 rings, camouflage 1, gelatinous body 1,
(nimble swimmer 1), tentacles
a: no special abilities


You were in the Dungeon.
You visited 1 branch You collected 200 gold pieces.
You spent 180 gold pieces at shops.

Inventory:

Hand Weapons
 k - a +0 dagger (weapon)
Jewellery
 l - the ring "Foynkem" (left tentacle) {rF+ rN+}
   (You bought it in a shop in the Dungeon)

   [ring of positive energy]

   rF:        It protects you from fire.
   rN:        It protects you from negative energy.
 m - the ring of Ciycur (right tentacle) {rPois Str+2 SInv}
   (You bought it in a shop in the Dungeon)

   [ring of see invisible]

   Str:       It affects your strength (+2).
   rPois:     It protects you from poison.
   SInv:      It lets you see invisible.
 n - the ring "Fesemaimu" (on tentacle) {Wiz rElec}
   (You bought it in a shop in the Dungeon)

   [ring of wizardry]

   It improves your spell success rate.
   rElec:     It insulates you from electricity.
 o - the amulet "Yxkameaf" (around mantle) {Reflect rC+ SH+5}
   (You bought it in a shop in the Dungeon)

   [amulet of reflection]

   It reflects blocked missile attacks.
   rC:        It protects you from cold.
   SH:        It affects your SH (+5).
Wands
 g - a wand of acid (5)
 h - a wand of iceblast (5)
Scrolls
 f - 4 scrolls of blinking
 i - 3 scrolls of butterflies
Potions
 a - 3 potions of magic
 b - a potion of curing
 c - 4 potions of heal wounds
 d - 4 potions of haste
 e - a potion of berserk rage
 j - a potion of resistance


   Skills:
 + Level 2.1 Dodging
 + Level 2.8 Stealth
 + Level 2.1 Spellcasting
 + Level 4.7 Conjurations


You had 3 spell levels left.
You knew the following spells:

 Your Spells              Type           Power      Damage    Failure   Level
a - Magic Dart            Conj           84%        1d7       1%          1

Your spell library contained the following spells:

 Spells                   Type           Power      Damage    Failure   Level
 Searing Ray              Conj           42%        2d6       1%          2
 Dazzling Flash           Conj/Hex       22%        N/A       8%          3
 Fulminant Prism          Conj/Hex       5%         3d7       24%         4
 Iskenderun's Mystic Bla  Conj/Tloc      11%        2d4       24%         4


Dungeon Overview and Level Annotations

Branches:
Dungeon (1/1)

Altars:
Dithmenos
Kikubaaqudgha
Okawaru
Ru
Trog
Uskayaw
Wu Jian
Xom
The Shining One

Shops:
D *[?

Annotations:
D Terence


Innate Abilities, Weirdness & Mutations

You cannot wear most types of armour.
You are amphibious.
You can wear up to eight rings at the same time.
Your skin changes colour to match your surroundings (Stealth+).
Your rubbery body absorbs attacks. (AC +1, EV +1)
((You are camouflaged when in or above water. (Stealth+)))
You have tentacles for arms and can constrict up to eight enemies at once.


Message History

o - the amulet "Yxkameaf" (around mantle) {Reflect rC+ SH+5} An endoplasm comes into view.
The magic dart hits the endoplasm.
The endoplasm is moderately wounded.
The endoplasm quivers.
The magic dart hits the endoplasm.
The endoplasm is severely wounded.
You are out of magic!
You are out of magic!
You hit the endoplasm but do no damage.
The endoplasm is severely wounded.
The endoplasm freezes you.
You are frozen.
You resist.
You hit the endoplasm.
The endoplasm is almost dead.
The endoplasm hits you.
You hit the endoplasm.
You kill the endoplasm!
There is an iron altar of Okawaru here.
There is a glowing golden altar of the Shining One here.
There is an iron altar of Okawaru here.
There is a glowing golden altar of the Shining One here.
There is an iron altar of Okawaru here.
There is a glowing golden altar of the Shining One here.
There is an iron altar of Okawaru here.
A dart slug comes into view.
Terence the Incautious comes into view.
He is wielding a +0 short sword.
The magic dart hits Terence but does no damage.
Terence shouts!
The magic dart hits Terence but does no damage.
You are out of magic!
You barely miss Terence. Your grab misses Terence.
Terence hits you with a +0 short sword!
Ouch! That really hurt!
* * * LOW HITPOINT WARNING * * *
You hit Terence. Your grab misses Terence. You squeeze Terence.
Terence is lightly wounded.
The dart slug launches a dart at you. The slug dart hits you.
You die...

..... _..... _.....
...... ###...... .###
#§....... ..⌠#
######w8...... ..8.#
##.___......### .....
###∩..@.....8.# .8..
#.....@.......###..
#⌠..........###...#
#⌠..........# #.<.#
#⌠..........###...#
##.............###.....
###∩........8.# .8...
##∩___......# .....
######.8.........8.#


You could see Terence and a dart slug.

Vanquished Creatures
  An endoplasm (D)
  A kobold (D)
2 creatures vanquished.

Notes
Turn   | Place    | Note
-------+----------+-------------------------------------------
     0 | D        | MrFrogsmire the Octopode Conjurer began the quest for the
                  | Orb.
     0 | D        | Reached XP level 1. HP: 11/11 MP: 3/3
     1 | D        | Found a shadowy altar of Dithmenos.
     2 | D        | Found a shimmering altar of Xom.
     2 | D        | Found a bloodstained altar of Trog.
     3 | D        | Found a hide-covered altar of Uskayaw.
     3 | D        | Found an ornate altar of the Wu Jian Council.
     4 | D        | Found Waggenu's Identification Station.
     4 | D        | Found an ancient bone altar of Kikubaaqudgha.
     4 | D        | Found a glowing golden altar of the Shining One.
     4 | D        | Found an iron altar of Okawaru.
     5 | D        | Found Mujesif's Advanced Armour.
     5 | D        | Found Fuakaych's Jewellery.
     5 | D        | Round 1.
    14 | D        | Found a sacrificial altar of Ru.
    25 | D        | Bought a vibrating platinum ring for 45 gold pieces
    25 | D        | Identified the ring "Foynkem" {rF+ rN+} (You bought it in a
                  | shop in the Dungeon)
    25 | D        | Bought a scintillating granite ring for 45 gold pieces
    25 | D        | Identified the ring of Ciycur {rPois Str+2 SInv} (You
                  | bought it in a shop in the Dungeon)
    25 | D        | Bought a scorched golden ring for 45 gold pieces
    25 | D        | Identified the ring "Fesemaimu" {Wiz rElec} (You bought it
                  | in a shop in the Dungeon)
    25 | D        | Bought a glittering steel amulet for 45 gold pieces
    25 | D        | Identified the amulet "Yxkameaf" {Reflect rC+ SH+5} (You
                  | bought it in a shop in the Dungeon)
    55 | D        | Noticed Terence
    64 | D        | Killed from afar by a dart slug

Illustrated notes

Levels and vault maps discovered:
D:        arena_sprint

Action                   || total
-------------------------++-------
Melee: Dagger            ||     5
       Tentacles         ||     1
 Cast: Magic Dart        ||     7
Dodge: Dodged            ||     1

Table legend: (Time is in decaauts)
 A = Elapsed time spent in this place.
 B = Non-inter-level travel time spent in this place.
 C = Inter-level travel time spent in this place.
 D = Time resting spent in this place.
 E = Time spent auto-exploring this place.
 F = Levels seen in this place.
 G = Mean time per level.
                   A        B        C        D        E       F      G
               +--------+--------+--------+--------+--------+-----+--------+
         Total |     62 |     44 |     18 |      0 |      0 |   1 |   62.0 |
       Dungeon |     62 |     44 |     18 |      0 |      0 |   1 |   62.0 |
               +--------+--------+--------+--------+--------+-----+--------+

Top non-repeatable levels by time:
       D: 62 daAuts
